 Dungeon Crawl Stone Soup version 0.30.0-29-ga12c61a403 (webtiles) character file.

Game seed: 11842438914787171080

65 DemonSlayer the Digger (level 3, 0/24 HPs)
             Began as a Demonspawn Earth Elementalist on June 18, 2023.
             Slain by Crazy Yiuf
             ... wielding a +3 quarterstaff of chaos
              (8 damage)
             ... on level 2 of the Dungeon.
             The game lasted 00:04:12 (1966 turns).

DemonSlayer the Digger (DsEE)                       Turns: 1966, Time: 00:04:12

Health: 0/24       AC:  3    Str: 14    XL:     3   Next: 92%
Magic:  6/6        EV: 12    Int: 19    God:
Gold:   82         SH:  0    Dex: 15    Spells: 0/6 levels left

rFire   + . .        d - +0 dagger
rCold   + . .        (no shield)
rNeg    . . .        k - +0 leather armour of the Eternal Fruit {*Slow +Inv Int+3}
rPois   +            (no helmet)
rElec   +            (no cloak)
rCorr   +            (no gloves)
SInv    .            (no boots)
Will    .....        (no amulet)
Stlth   ++           g - ring of resist corrosion
HPRegen 0.24/turn    m - +6 ring of strength
MPRegen 0.10/turn

%: slow self (1%)
@: resistant, very slightly contaminated
A: weakness stinger 1
a: Evoke Invisibility


You were on level 2 of the Dungeon.
You visited 1 branch of the dungeon, and saw 2 of its levels.

You collected 82 gold pieces.

Inventory:

Hand Weapons
 d - a +0 dagger (weapon)
Armour
 k - the +0 leather armour of the Eternal Fruit (worn) {*Slow +Inv Int+3}
   (You found it on level 2 of the Dungeon)

   Int:       It affects your intelligence (+3).
   +Inv:      It lets you turn invisible.
   *Slow:     It may slow you when you take damage.
Jewellery
 g - a ring of resist corrosion (left hand)
 m - a +6 ring of strength (right hand)
Scrolls
 c - 2 scrolls of identify {unknown}
 e - 2 scrolls of poison {unknown}
 f - a scroll of magic mapping {unknown}
 h - a scroll of vulnerability {unknown}
 i - a scroll of enchant weapon {unknown}
 l - a scroll of blinking {unknown}
Potions
 a - a potion of mutation {unknown}
 j - a potion of haste {unknown}


   Skills:
 + Level 0.1 Short Blades
 + Level 2.2 Dodging
 + Level 2.0 Stealth
 + Level 2.3 Spellcasting
 + Level 0.8 Transmutations
 + Level 3.8 Earth Magic


You couldn't memorise any spells.
You knew the following spells:

 Your Spells              Type           Power      Damage    Failure   Level
a - Sandblast             Erth           32%        2d9       4%          1
b - Stone Arrow           Conj/Erth      18%        3d8       28%         3
c - Passwall              Tmut/Erth      9%         N/A       12%         2

Your spell library contained the following spells:

 Spells                   Type           Power      Damage    Failure   Level
 Petrify                  Tmut/Erth      11%        N/A       61%         4


Dungeon Overview and Level Annotations

Branches:
Dungeon (2/15)

Altars:

Annotations:
D:2 Crazy Yiuf


Innate Abilities, Weirdness & Mutations

You have a small tail.


Message History

Confirm with . or Enter, or press ? or * to list all spells.
You don't have enough magic to cast this spell.
Casting: Stone Arrow (extremely dangerous; 28% risk of failure)
Confirm with . or Enter, or press ? or * to list all spells.
Aiming: Sandblast (safe; 4% risk of failure)
Press: ? - help, Shift-Dir - straight line, f/p - Crazy Yiuf
Aim: Crazy Yiuf, wielding a +3 quarterstaff of chaos and wearing a +2 cloak of stealth (heavily wounded, 84% to hit)
The blast of sand hits Crazy Yiuf.
Crazy Yiuf is severely wounded.
Crazy Yiuf hits you with a +3 quarterstaff of chaos.
Crazy Yiuf freezes you.
* * * LOW HITPOINT WARNING * * *
Okay, then.
Okay, then.
Magic courses through your body.
Crazy Yiuf drinks a potion.
Crazy Yiuf is healed!
Casting: Sandblast (safe; 4% risk of failure)
Confirm with . or Enter, or press ? or * to list all spells.
The spell is extremely dangerous to miscast (28% risk of failure)!
Continue anyway?
Aiming: Stone Arrow (extremely dangerous; 28% risk of failure)
Press: ? - help, Shift-Dir - straight line, f/p - Crazy Yiuf
Aim: Crazy Yiuf, wielding a +3 quarterstaff of chaos and wearing a +2 cloak of stealth (moderately wounded, 69% to hit)
You miscast Stone Arrow.
You are very lightly contaminated with residual magic.
Nothing appears to happen.
Crazy Yiuf yells, "Walk verde high!"
Crazy Yiuf barely misses you.
Casting: Stone Arrow (extremely dangerous; 28% risk of failure)
Confirm with . or Enter, or press ? or * to list all spells.
The spell is extremely dangerous to miscast (28% risk of failure)!
Continue anyway?
Aiming: Stone Arrow (extremely dangerous; 28% risk of failure)
Press: ? - help, Shift-Dir - straight line, f/p - Crazy Yiuf
Aim: Crazy Yiuf, wielding a +3 quarterstaff of chaos and wearing a +2 cloak of stealth (moderately wounded, 69% to hit)
The stone arrow hits Crazy Yiuf!
Crazy Yiuf is almost dead.
Crazy Yiuf laughs, "Ten stair turtle!"
Crazy Yiuf barely misses you. Magic courses through your body.
Crazy Yiuf hits you with a +3 quarterstaff of chaos!
You die...

#....# ##.......#
♣....♣ #.##.#...
♣♣..)♣ #.#......
♣♣)♣♣ #...(#... ♣♣)♣
###...#.... ♣)♣♣
##.......... ♣♣)♣
#........... ♣)♣♣
#........... #@#
#........... #)g)#
#..........# #)))#
#.....#..### #).)#
#.......## #####
#.......####
#......##...
##########......##...
#...............##...
#...............##...


You could see Crazy Yiuf.

Vanquished Creatures
  2 adders (D:2)
  3 dart slugs
  3 ball pythons
  2 bats (D:1)
  4 endoplasms
  2 giant cockroaches (D:1)
  A goblin (D:2)
  3 hobgoblins (D:2)
  2 jackals (D:1)
  4 quokkas
  3 frilled lizards
  4 kobolds
  4 rats (D:1)
37 creatures vanquished.

Notes
Turn   | Place    | Note
-------+----------+-------------------------------------------
     0 | D:1      | DemonSlayer the Demonspawn Earth Elementalist began the
                  | quest for the Orb.
     0 | D:1      | Reached XP level 1. HP: 13/13 MP: 3/3
   514 | D:1      | Reached skill level 3 in Earth Magic
   584 | D:1      | Gained mutation: You have a small tail. [demonic ancestry]
   584 | D:1      | Reached XP level 2. HP: 19/19 MP: 1/5
  1091 | D:1      | Found a faded altar of an unknown god.
  1091 | D:1      | Noticed a crimson imp
  1185 | D:1      | Reached XP level 3. HP: 18/24 MP: 1/6
  1439 | D:1      | Learned a level 3 spell: Stone Arrow
  1442 | D:1      | Learned a level 2 spell: Passwall
  1705 | D:2      | Identified the +0 leather armour of the Eternal Fruit
                  | {*Slow +Inv Int+3}
  1952 | D:2      | Found a runed translucent door.
  1954 | D:2      | Noticed Crazy Yiuf
  1966 | D:2      | Slain by Crazy Yiuf

Illustrated notes

Levels and vault maps discovered:
D:1:      spicycebolla_arrival_clurvy, layout_loops_corners,
          dreamdust_ecumenical_altar_sealed_demon, chequers_mini_garden
D:2:      layout_rooms, minmay_surrounded, uniq_crazy_yiuf_cottage

Skill      XL: |  1  2  3 |
---------------+----------+-----
Dodging        | 2 |  2.2
Earth Magic    | 3 |  3.8
Stealth        | 2 |  2.0
Short Blades   | |  0.1
Spellcasting   | |  2.3
Transmutations | |  0.8

Action                     || total
---------------------------++-------
  Melee: Mace              ||     4
         Dagger            ||    16
         Tailslap          ||     2
   Cast: Sandblast         ||    55
         Stone Arrow       ||     2
    Use: Potion            ||     2
   Stab: Sleeping          ||     4
 Armour: Robe              ||     6
         Leather armour    ||     1
  Dodge: Dodged            ||    28
